 Dungeon Crawl Stone Soup version 0.32-a0-7-ge934b4519a (console) character file.

Game seed: 13883579795564173921

0 petzl the Sneak (level 1, -1/17 (18) HPs)
             Began as a Formicid Delver on Jan 14, 2024.
             Succumbed to an adder's poison
             ... on level 3 of the Dungeon.
             The game lasted 00:02:23 (349 turns).

petzl the Sneak (Formicid Delver)                    Turns: 349, Time: 00:02:24

HP:   -1/17 (18)    AC:  3    Str: 15 (16) XL:     1   Next: 11%
MP:   1/1           EV: 11    Int:  7 (9)  God:
Gold: 38            SH:  0    Dex: 14 (15) Spells: 0/0 levels left

rFire   . . .        b - +0 mace
rCold   . . .        (no shield)
rNeg    . . .        h - +0 leather armour
rPois   .            (helmet unavailable)
rElec   .            (no cloak)
rCorr   .            (no gloves)
SInv    +            (no boots)
Will    .....        (no amulet)
Stlth   +++          (no ring)
HPRegen 0.22/turn    (no ring)
MPRegen 0.07/turn

%: no passive effects
@: lethally poisoned (-1 -> -8), drained
A: permanent stasis, dig shafts and tunnels, antennae 3, four strong arms
a: Dig, Shaft Self


You were on level 3 of the Dungeon.
You visited 1 branch of the dungeon, and saw 4 of its levels.

You collected 38 gold pieces.

Inventory:

Hand Weapons
 a - a +0 sling
 b - a +0 mace (weapon)
Armour
 h - a +0 leather armour (worn)
Wands
 f - a wand of digging (3)
Scrolls
 c - a scroll of fog
 d - a scroll of revelation
 e - a scroll of fear
 g - a scroll of enchant armour {unknown}


   Skills:
 + Level 3.2 Fighting
 - Level 2.0 Maces & Flails
 + Level 0.0 Ranged Weapons
 + Level 1.7 Dodging
 - Level 6.0 Stealth
 + Level 0.2 Spellcasting


You couldn't memorise any spells.
You didn't know any spells.
Your spell library was empty.

Dungeon Overview and Level Annotations

Branches:
Dungeon (6/15)
 Temple: D:4-7

Altars:

Annotations:
D:5 exclusion: downstairs


Innate Abilities, Weirdness & Mutations

You cannot be hasted, slowed, berserked, paralysed or teleported.
You can dig through walls and to a lower floor.
You have a pair of large antennae on your head. (SInv)
Your four strong arms can wield two-handed weapons with a shield.


Message History

The adder attacks as it pursues you! The adder barely misses you.
The adder attacks as it pursues you! The adder closely misses you.
There is a stone staircase leading up here.
The adder misses you. The adder closely misses you.
You climb upwards.
There is a stone staircase leading down here.
b - a +0 mace (weapon)
The adder misses you. The adder bites you.
You miss the adder.
The adder is moderately wounded.
The adder misses you. The adder bites you.
You are poisoned.
The adder poisons you!
You hit the adder.
The adder is heavily wounded.
You feel sick. The adder bites you.
You are more poisoned.
The adder poisons you!
You miss the adder. You punch the adder, but do no damage.
The adder is heavily wounded.
You feel sick. The adder closely misses you. x2
You barely miss the adder.
The adder is heavily wounded.
You feel sick. The adder closely misses you. The adder bites you.
* * * LOW HITPOINT WARNING * * *
You are more poisoned.
The adder poisons you!
You hit the adder.
The adder is heavily wounded.
* * * LOW HITPOINT WARNING * * *
You feel very sick. The adder bites you.
* * * LOW HITPOINT WARNING * * *
Unknown command.
Unknown command.
Unknown command.
It was a potion of degeneration.
There was something very wrong with that liquid.
You feel weakened.
You feel dopey.
You feel clumsy.
You die...

### ..# #.#
#.# #######
#.##.......
#>S@....#
###.....#
#.....#
#.....#
#.....#
#.....#
#.....#
#......


You could see an adder.

Vanquished Creatures
  A goblin (D:4)
1 creature vanquished.

Notes
Turn   | Place    | Note
-------+----------+-------------------------------------------
     0 | D:5      | petzl the Formicid Delver began the quest for the Orb.
     0 | D:5      | Reached XP level 1. HP: 18/18 MP: 1/1
     3 | D:6      | Noticed a black bear
    27 | D:4      | Noticed a bombardier beetle
   179 | D:4      | Noticed a black bear
   349 | D:3      | Succumbed to an adder's poison

Illustrated notes

Levels and vault maps discovered:
D:3:      layout_basic, elyvilon_altar_3, yredelemnul_altar_generic,
          mainiacjoe_overflow_tiny_flanked, mainiacjoe_overflow_brackets,
          serial_shops, shop, shop, nicolae_lakefront_shop, uniq_robin
D:4:      layout_basic
D:5:      layout_basic, minmay_temple_entry_poolview,
          hangedman_decor_peaks_small, corexii_leaking_fountain,
          guppyfry_shop_venom
D:6:      layout_loops_ring, general_overflow_altar,
          gammafunk_temple_overflow_elements, dreamdust_gnoll_farm,
          uniq_jeremiah

Action                     || total
---------------------------++-------
  Melee: Mace              ||     6
         Punch             ||     1
   Fire: Sling             ||     1
Ability: Dig               ||     1
    Use: Potion            ||     1
   Stab: Sleeping          ||     1
 Armour: Leather armour    ||     6
  Dodge: Dodged            ||    12

Table legend: (Time is in decaauts)
 A = Elapsed time spent in this place.
 B = Non-inter-level travel time spent in this place.
 C = Inter-level travel time spent in this place.
 D = Time resting spent in this place.
 E = Time spent auto-exploring this place.
 F = Levels seen in this place.
 G = Mean time per level.
                   A        B        C        D        E       F      G
               +--------+--------+--------+--------+--------+-----+--------+
         Total |    350 |    350 |      0 |      0 |     40 |   4 |   87.5 |
       Dungeon |    350 |    350 |      0 |      0 |     40 |   4 |   87.5 |
               +--------+--------+--------+--------+--------+-----+--------+

Top non-repeatable levels by time:
     D:4: 311 daAuts
     D:5: 25 daAuts
     D:3: 12 daAuts
     D:6: 1 daAuts
